Map: Eternal Empire LE

Players

GumGum

  • Race: Zerg Zerg
  • League: Diamond
  • Spawn Location: 7:00

Balltas - Winner!

  • Race: Terran Terran
  • League: Platinum
  • Spawn Location: 1:00

VOD

Have the link to the VOD?

Description

Time

  • Played on: Aug. 23, 2020, 12:47 p.m.
  • Length: 13:43
Show
View Real Time Build Order
Export as new Build Order

GumGum Zerg 

Build Orders: Hatch First 

Get SALT Encoding   

  12  0:05  Drone  
  13  0:35  Drone  
  14  0:38  Hatchery  
  14  0:42  Drone  
  14  0:46  Overlord  
  14  1:05  Spawning Pool  
  14  1:09  Drone  
  14  1:13  Drone  
  15  1:20  Drone  
  15  1:23  Drone  
  17  1:33  Drone  
  18  1:41  Extractor  
  18  1:42  Drone  
  18  1:52  Queen  
  18  1:53  Queen  
  22  1:57  Drone x2  
  24  2:04  Extractor  
  24  2:07  Drone x2  
  25  2:14  Drone  
  26  2:17  Drone  
  27  2:23  Zergling x2  
  28  2:30  Overlord  
  28  2:53  Drone x4  
  32  2:58  Drone  
  32  2:59  Drone  
  34  3:06  Hatchery  
  34  3:08  Metabolic Boost  
  33  3:14  Baneling Nest  
  33  3:15  Drone  
  33  3:25  Drone x3  
  35  3:56  Overlord x2  
  35  3:57  Overlord x2  
  35  4:04  Lair  
  35  4:10  Extractor  
  35  4:11  Extractor  
  33  4:17  Drone x2  
  33  4:18  Drone x5  
  33  4:19  Evolution Chamber  
  33  4:23  Evolution Chamber  
  38  4:31  Spine Crawler  
  37  4:34  Drone  
  37  4:35  Drone x4  
  37  4:36  Drone  
  37  4:37  Spine Crawler  
  42  4:38  Drone  
  42  4:43  Drone x2  
  45  4:46  Drone  
  45  4:47  Drone  
  45  4:49  Drone  
  48  4:58  Roach Warren  
  47  5:03  Spore Crawler  
  46  5:08  Drone x5  
  46  5:13  Zerg Ground Armor Level 1  
  51  5:16  Zerg Melee Weapons Level 1  
  51  5:18  Drone  
  52  5:22  Spore Crawler  
  52  5:26  Spore Crawler  
  52  5:27  Centrifical Hooks  
  50  5:34  Drone x3  
  53  5:35  Zergling x2  
  53  5:37  Zergling x2  
  53  5:38  Zergling x2  
  53  5:41  Glial Reconstitution  
  56  5:56  Spine Crawler  
  55  6:02  Baneling  
  55  6:03  Baneling x6  
  56  6:04  Zergling x4  
  56  6:05  Zergling x2  
  56  6:08  Hatchery  
  56  6:10  Queen  
  59  6:16  Roach x2  
  63  6:19  Overlord  
  63  6:35  Infestation Pit  
  63  6:37  Spire  
  61  6:44  Baneling x3  
  61  6:45  Pneumatized Carapace, Baneling x3  
  61  6:50  Ravager x2  
  61  6:51  Zergling x2  
  61  6:52  Zergling x10  
  61  6:54  Drone x4  
  73  7:07  Zerg Missile Weapons Level 1  
  73  7:10  Zerg Ground Armor Level 2  
  73  7:26  Drone  
  73  7:27  Drone x12  
  86  7:30  Overlord  
  86  7:32  Overlord  
  86  7:43  Hive  
  86  7:54  Corruptor x3  
  86  7:55  Corruptor  
  82  8:43  Drone x2  
  82  8:44  Drone x4  
  88  8:51  Queen  
  88  8:54  Zerg Flyer Weapons Level 1  
  90  8:58  Spire  
  90  9:02  Extractor x2  
  88  9:03  Zerg Melee Weapons Level 2  
  87  9:10  Spore Crawler  
  87  9:13  Spore Crawler  
  87  9:16  Corruptor x4  
  91  9:18  Corruptor  
  95  9:25  Zerg Missile Weapons Level 2  
  95  9:27  Drone  
  95  9:28  Drone x8  
  95  9:29  Overlord  
  95  9:30  Overlord x6  
  104  9:38  Spore Crawler  
  103  9:41  Spore Crawler  
  102  9:46  Ultralisk Cavern  
  80  10:14  Zergling x2  
  80  10:15  Zergling x26  
  80  10:21  Greater Spire  
  92  10:22  Roach  
  92  10:23  Roach x5  
  84  10:46  Ravager x2  
  84  10:47  Ravager x3  
  88  10:56  Zergling x10  
  88  10:57  Zergling x2  
  89  11:08  Drone  
  89  11:09  Drone x10  
  89  11:11  Queen  
  102  11:19  Baneling x3  
  102  11:20  Baneling x5  
  102  11:21  Baneling x4  
  102  11:22  Hatchery  
  101  11:27  Chitinous Plating  
  101  11:34  Zerg Flyer Armor Level 1  
  101  11:37  Brood Lord  
  103  11:41  Zergling x2  
  103  11:42  Zergling x8  
  103  11:45  Brood Lord  
  110  11:57  Queen  
  112  12:02  Hatchery  
  112  12:04  Queen  
  113  12:10  Ultralisk x2  
  127  12:15  Brood Lord  
  127  12:39  Drone x3  
  127  12:40  Drone x9  
  127  12:41  Drone x3  
  127  12:42  Drone  
  143  12:46  Anabolic Synthesis, Spore Crawler  
  142  13:00  Spine Crawler  
  142  13:01  Spine Crawler  
  140  13:17  Unknown  
Show
View Real Time Build Order
Export as new Build Order

Balltas Terran - Winner!

Build Orders: Reaper Expand, Mech 

Get SALT Encoding   

  12  0:00  SCV  
  13  0:12  SCV  
  14  0:17  Supply Depot  
  14  0:25  SCV  
  15  0:38  SCV  
  15  0:41  Barracks  
  16  0:46  Refinery  
  16  0:50  SCV  
  17  1:03  SCV  
  18  1:15  SCV  
  19  1:28  Orbital Command  
  19  1:43  Command Center  
  19  1:46  Reaper  
  20  1:54  SCV  
  21  2:04  Supply Depot  
  21  2:06  SCV  
  22  2:10  Refinery  
  22  2:18  SCV, Factory  
  24  2:30  Barracks Reactor  
  24  2:32  SCV  
  24  2:44  SCV  
  25  2:56  SCV  
  25  2:57  Orbital Command  
  26  3:02  Factory Tech Lab  
  26  3:08  SCV  
  27  3:19  Marine x2  
  29  3:21  SCV, Siege Tank  
  33  3:34  SCV x2  
  33  3:36  Marine x2  
  37  3:46  SCV x2  
  38  3:58  SCV  
  39  4:09  Refinery  
  39  4:14  Siege Tank  
  42  4:18  Starport  
  42  4:21  SCV x2  
  42  4:23  Command Center  
  44  4:27  Supply Depot x2  
  44  4:30  Factory  
  44  4:31  Factory  
  44  4:33  SCV x2  
  46  4:39  Refinery  
  46  4:46  Supply Depot  
  46  4:47  Supply Depot  
  46  4:48  SCV x2  
  48  4:54  Marine x2  
  48  4:57  Starport Tech Lab  
  50  5:02  Fusion Core  
  50  5:08  Starport  
  50  5:14  Marine  
  50  5:15  Marine  
  50  5:18  Factory Reactor, Factory Tech Lab  
  52  5:24  SCV  
  53  5:30  SCV  
  54  5:36  SCV, Siege Tank  
  54  5:42  SCV  
  59  5:54  SCV x2  
  61  6:02  Hellion  
  61  6:03  Hellion  
  65  6:04  Siege Tank  
  65  6:05  Supply Depot  
  65  6:06  SCV  
  65  6:08  Starport Tech Lab, Siege Tank  
  72  6:14  Starport  
  72  6:28  Supply Depot  
  72  6:29  SCV  
  72  6:30  SCV  
  74  6:37  Engineering Bay  
  74  6:41  Armory  
  74  6:42  SCV x2  
  74  6:44  Armory  
  76  6:49  Battlecruiser  
  76  6:51  Supply Depot  
  76  6:52  Hellion x3  
  76  6:53  Hellion  
  90  6:58  SCV x3  
  93  7:02  Refinery  
  93  7:05  Refinery  
  93  7:07  Weapon Refit  
  93  7:09  Starport Tech Lab  
  93  7:10  SCV x2  
  93  7:13  Supply Depot  
  95  7:18  Hellion x4  
  95  7:21  Planetary Fortress  
  103  7:36  Supply Depot  
  103  7:44  Battlecruiser  
  109  7:48  SCV x2  
  111  8:00  SCV x2  
  114  8:12  SCV  
  114  8:38  Thor  
  114  8:41  Terran Vehicle And Ship Armor Level 1  
  114  8:49  Viking  
  114  8:50  Viking  
  114  8:54  Hellion x2  
  114  8:55  Hellion  
  124  8:56  Marine x2  
  124  8:58  SCV x3  
  129  9:08  Terran Vehicle Weapons Level 1  
  129  9:10  SCV x3  
  129  9:12  Supply Depot x2  
  129  9:15  Supply Depot  
  129  9:16  Supply Depot  
  132  9:17  Supply Depot  
  132  9:34  Viking, Hellion x2, Siege Tank x2  
  132  9:36  Viking x2  
  148  9:56  Hellion x2  
  148  9:59  Command Center  
  152  10:04  Viking  
  152  10:06  Viking, Siege Tank x2  
  111  10:53  Marine  
  111  10:55  Hellion x4  
  120  10:59  Battlecruiser x3  
  120  11:02  Marine  
  135  11:11  Marine  
  135  11:14  Planetary Fortress  
  135  11:16  Hellion  
  135  11:17  Hellion x3  
  144  11:20  Factory, Marine  
  144  11:21  Unknown, Factory x2  
  145  11:29  SCV x2, Marine  
  145  11:30  SCV  
  149  11:37  Marine  
  149  11:38  Hellion  
  152  11:41  SCV  
  152  11:42  SCV x2  
  155  11:47  Marine  
  155  11:53  SCV  
  155  11:54  SCV  
  158  11:55  Thor x2, Marine  
  171  12:02  Supply Depot  
  171  12:03  Battlecruiser x2  
  171  12:04  Supply Depot  
  171  12:05  Marine  
  171  12:06  Supply Depot  
  184  12:13  Marine  
  185  12:19  Factory Tech Lab x3  
  185  12:22  Marine  
  186  12:32  Hellion x2  
  186  12:34  SCV x3  
  186  12:35  SCV  
  194  12:39  Hellion x2  
  198  12:46  SCV  
Tags
 
Add a new tag
Caveats
  • Supply blocks, unpowered buildings, or Contaminate may cause inaccurate times.
  • Supply counts are checked every 10 seconds.